MWL (24 & UNDER)
CINCINNATI PRIDE @ BARRY'S BAY ORIOLES
05/09/2027
 
TOP OF THE 1ST
Cincinnati Pride batting - Pitching for Barry's Bay Orioles : RHP Artie Hall
Pitching: RHP Artie Hall
Batting: SHB Jaime Martínez 0-0: Ground out 6-3 (Groundball, 6M)
Batting: RHB Jorge Silva 0-0: Called Strike
0-1: Ball
1-1: SINGLE (Groundball, 6MD)
Batting: LHB Gabriel Aragón 0-0: Called Strike
0-1: Ball
1-1: Called Strike
1-2: Ball
2-2: Ball
3-2: Base on Balls
Jorge Silva to second
Batting: RHB Roger Rush 0-0: Grounds into double play, 5-4-3 (Groundball, 56)
Top of the 1st over - 0 run(s), 1 hit(s), 0 error(s), 1 left on base; Cincinnati 0 - Barry's Bay 0
BOTTOM OF THE 1ST
Barry's Bay Orioles batting - Pitching for Cincinnati Pride : RHP Bart Brown
Pitching: RHP Bart Brown
Batting: RHB Pablo Hernández 0-0: Foul Ball, location: 2F
0-1: Ball
1-1: Foul Ball, location: 2F
1-2: Ball
2-2: Foul Ball, location: 2F
2-2: Fly out, F9 (Flyball, 9S)
Batting: RHB Guy Morrison 0-0: Ball
1-0: Called Strike
1-1: Swinging Strike
1-2: Foul Ball, location: 2F
1-2: Foul Ball, location: 2F
1-2: Ball
2-2: Ball
3-2: DOUBLE (Line Drive, 89M)
Batting: LHB Manuel Pérez 0-0: Ball
1-0: Swinging Strike
1-1: Called Strike
1-2: Ball
2-2: Ball
3-2: Base on Balls
Batting: LHB Ryan Rheaume 0-0: Ball
1-0: Called Strike
1-1: Ball
2-1: DOUBLE (Flyball, 78M)
Guy Morrison scores
Manuel Pérez to third
Runner from 3rd tries for Home, SAFE, throw made at trailing runner, SAFE at third!
Batting: RHB Tomás Díaz 0-0: Called Strike
0-1: Fly out, F8 (Flyball, 8RS)
Batting: SHB Terry Christian 0-0: Called Strike
0-1: Ball
1-1: Foul Ball, location: 2F
1-2: Foul Ball, location: 2F
1-2: Ball
2-2: Fly out, F3 (Line Drive, 3)
Bottom of the 1st over - 2 run(s), 2 hit(s), 0 error(s), 1 left on base; Cincinnati 0 - Barry's Bay 2
TOP OF THE 2ND
Cincinnati Pride batting - Pitching for Barry's Bay Orioles : RHP Artie Hall
Batting: RHB José Antonio Delgado 0-0: SINGLE (Flyball, 8LS)
Batting: RHB Dave Crawford 0-0: Ball
1-0: Called Strike
1-1: Called Strike
1-2: Strikes out swinging
Batting: RHB Burkhard Bittinger 0-0: Fly out, F9 (Flyball, 9)
Batting: RHB Gary Miller 0-0: Called Strike
0-1: Swinging Strike
0-2: Strikes out swinging
Top of the 2nd over - 0 run(s), 1 hit(s), 0 error(s), 1 left on base; Cincinnati 0 - Barry's Bay 2
BOTTOM OF THE 2ND
Barry's Bay Orioles batting - Pitching for Cincinnati Pride : RHP Bart Brown
Batting: RHB Jason Ward 0-0: Ball
1-0: Foul Ball, location: 2F
1-1: Ball
2-1: Ground out 6-3 (Groundball, 6M)
Batting: RHB Jesús Castillo 0-0: Ball
1-0: Foul Ball, location: 2F
1-1: Ball
2-1: Foul Ball, location: 2F
2-2: Ball
3-2: Foul Ball, location: 2F
3-2: Foul Ball, location: 2F
3-2: Fly out, F7 (Flyball, 78S)
Batting: RHB Santiago Rivera 0-0: Ball
1-0: Ball
2-0: Called Strike
2-1: Called Strike
2-2: Foul Ball, location: 2F
2-2: Ball
3-2: Base on Balls
Batting: RHB Pablo Hernández 0-0: Hit by Pitch
Santiago Rivera to second
Batting: RHB Guy Morrison 0-0: Fly out, F7 (Flyball, 7)
Bottom of the 2nd over - 0 run(s), 0 hit(s), 0 error(s), 2 left on base; Cincinnati 0 - Barry's Bay 2
TOP OF THE 3RD
Cincinnati Pride batting - Pitching for Barry's Bay Orioles : RHP Artie Hall
Batting: SHB Jorge Maldonado 0-0: Ball
1-0: Ball
2-0: Swinging Strike
2-1: Ball
3-1: Foul Ball, location: 2F
3-2: Strikes out swinging
Batting: SHB Jaime Martínez 0-0: Fly out, F7 (Flyball, 78M)
Batting: RHB Jorge Silva 0-0: Ball
1-0: Ground out 5-3 (Groundball, 5S)
Top of the 3rd over - 0 run(s), 0 hit(s), 0 error(s), 0 left on base; Cincinnati 0 - Barry's Bay 2
BOTTOM OF THE 3RD
Barry's Bay Orioles batting - Pitching for Cincinnati Pride : RHP Bart Brown
Batting: LHB Manuel Pérez 0-0: Ball
1-0: Foul Ball, location: 2F
1-1: Foul Ball, location: 2F
1-2: Ball
2-2: Foul Ball, location: 2F
2-2: Ground out 6-3 (Groundball, 6)
Batting: LHB Ryan Rheaume 0-0: Ball
1-0: Foul Ball, location: 2F
1-1: SINGLE (Groundball, 13) (infield hit)
Batting: RHB Tomás Díaz 0-0: Ball
1-0: Fly out, F7 (Flyball, 78XD)
Batting: SHB Terry Christian 0-0: Called Strike
0-1: Swinging Strike
0-2: Ball
1-2: Ball
2-2: Fielders Choice at 2nd, 4-6 (Groundball, 4)
Bottom of the 3rd over - 0 run(s), 1 hit(s), 0 error(s), 0 left on base; Cincinnati 0 - Barry's Bay 2
TOP OF THE 4TH
Cincinnati Pride batting - Pitching for Barry's Bay Orioles : RHP Artie Hall
Batting: LHB Gabriel Aragón 0-0: Called Strike
0-1: SINGLE (Line Drive, 78M)
Batting: RHB Roger Rush 0-0: Called Strike
0-1: Foul Ball, location: 2F
0-2: Strikes out looking
Batting: RHB José Antonio Delgado 0-0: Ball
1-0: Foul Ball, location: 2F
1-1: Grounds into double play, 6-4-3 (Groundball, 6)
Top of the 4th over - 0 run(s), 1 hit(s), 0 error(s), 0 left on base; Cincinnati 0 - Barry's Bay 2
BOTTOM OF THE 4TH
Barry's Bay Orioles batting - Pitching for Cincinnati Pride : RHP Bart Brown
Batting: RHB Jason Ward 0-0: Foul Ball, location: 2F
0-1: Foul Ball, location: 2F
0-2: Strikes out swinging
Batting: RHB Jesús Castillo 0-0: Foul Ball, location: 2F
0-1: Foul Ball, location: 2F
0-2: Ball
1-2: Ball
2-2: Strikes out looking
Batting: RHB Santiago Rivera 0-0: Called Strike
0-1: Ground out 6-3 (Groundball, 6)
Bottom of the 4th over - 0 run(s), 0 hit(s), 0 error(s), 0 left on base; Cincinnati 0 - Barry's Bay 2
TOP OF THE 5TH
Cincinnati Pride batting - Pitching for Barry's Bay Orioles : RHP Artie Hall
Batting: RHB Dave Crawford 0-0: Foul Ball, location: 2F
0-1: Ball
1-1: Swinging Strike
1-2: Strikes out swinging
Batting: RHB Burkhard Bittinger 0-0: Ball
1-0: Foul Ball, location: 2F
1-1: Ball
2-1: Ball
3-1: Base on Balls
Batting: RHB Gary Miller 0-0: Called Strike
Balk!
Burkhard Bittinger to second
0-1: Ball
1-1: 2-RUN HOME RUN (Flyball, 78XD), Distance : 370 ft
Batting: SHB Jorge Maldonado 0-0: Ground out U3 (Groundball, 3)
Batting: SHB Jaime Martínez 0-0: Ball
1-0: Called Strike
1-1: Ball
2-1: Called Strike
2-2: Foul Ball, location: 2F
2-2: Strikes out looking
Top of the 5th over - 2 run(s), 1 hit(s), 0 error(s), 0 left on base; Cincinnati 2 - Barry's Bay 2
BOTTOM OF THE 5TH
Barry's Bay Orioles batting - Pitching for Cincinnati Pride : RHP Bart Brown
Batting: RHB Pablo Hernández 0-0: SINGLE (Groundball, 34S) (infield hit)
Batting: RHB Guy Morrison Pickoff Throw to First - Error! E1
Pablo Hernández to second
0-0: SINGLE (Groundball, 6MD)
Pablo Hernández to third
Runner from 3rd tries for Home, SAFE, no throw
Batting: LHB Manuel Pérez 0-0: Called Strike
0-1: Ball
1-1: Ball
2-1: Fielders Choice at 2nd, 4-6 (Groundball, 4)
Pitching: RHP Basilio Bea
Batting: LHB Ryan Rheaume 0-0: Foul Ball, location: 2F
0-1: SINGLE (Groundball, 3) (infield hit)
Manuel Pérez to second
Batting: RHB Tomás Díaz 0-0: Foul Ball, location: 2F
0-1: Ball
1-1: Ball
2-1: Ball
3-1: Foul Ball, location: 2F
3-2: Base on Balls
Manuel Pérez to third
Ryan Rheaume to second
Batting: SHB Terry Christian 0-0: Ball
1-0: Called Strike
1-1: Foul Ball, location: 2F
1-2: Ball
2-2: Foul Ball, location: 2F
2-2: Fly out, F8 (Flyball, 8RD)
Runner from 3rd tags up, SCORES, no throw
Batting: RHB Jason Ward 0-0: Swinging Strike
0-1: Ball
1-1: Ball
2-1: Ball
3-1: Called Strike
3-2: Base on Balls
Ryan Rheaume to third
Tomás Díaz to second
Batting: RHB Jesús Castillo 0-0: Foul Ball, location: 2F
0-1: SINGLE (Flyball, 9LS)
Ryan Rheaume scores
Tomás Díaz to third
Jason Ward to second
Runner from 3rd tries for Home, SAFE, no throw
Batting: RHB Santiago Rivera 0-0: Ball
1-0: Called Strike
1-1: Ball
2-1: Fly out, F8 (Flyball, 89M)
Bottom of the 5th over - 4 run(s), 4 hit(s), 1 error(s), 2 left on base; Cincinnati 2 - Barry's Bay 6
TOP OF THE 6TH
Cincinnati Pride batting - Pitching for Barry's Bay Orioles : RHP Artie Hall
Batting: RHB Jorge Silva 0-0: SINGLE (Groundball, 34D)
Batting: LHB Gabriel Aragón 0-0: Called Strike
0-1: Grounds into double play, 5-4-3 (Groundball, 56)
Batting: RHB Roger Rush 0-0: Swinging Strike
0-1: Called Strike
0-2: Strikes out swinging
Top of the 6th over - 0 run(s), 1 hit(s), 0 error(s), 0 left on base; Cincinnati 2 - Barry's Bay 6
BOTTOM OF THE 6TH
Barry's Bay Orioles batting - Pitching for Cincinnati Pride : RHP Basilio Bea
Pitching: RHP José Bruschy
Batting: RHB Pablo Hernández 0-0: Fly out, F7 (Flyball, 78M)
Batting: RHB Guy Morrison 0-0: Ball
1-0: Foul Ball, location: 2F
1-1: Foul Ball, location: 2F
1-2: Foul Ball, location: 2F
1-2: SINGLE (Groundball, 6MD)
Batting: LHB Manuel Pérez 0-0: Ball
1-0: Called Strike
1-1: Ball
2-1: Ball
3-1: Called Strike
3-2: Ground out 3-1 (Groundball, 34S)
Guy Morrison to second
Batting: LHB Ryan Rheaume 0-0: Fly out, F7 (Flyball, 7S)
Bottom of the 6th over - 0 run(s), 1 hit(s), 0 error(s), 1 left on base; Cincinnati 2 - Barry's Bay 6
TOP OF THE 7TH
Cincinnati Pride batting - Pitching for Barry's Bay Orioles : RHP Artie Hall
Batting: RHB José Antonio Delgado 0-0: Called Strike
0-1: Ball
1-1: Fly out, F3 (Popup, 3)
Batting: RHB Dave Crawford 0-0: Foul Ball, location: 2F
0-1: SINGLE (Groundball, 6MD)
Batting: RHB Burkhard Bittinger 0-0: Fly out, F8 (Flyball, 8LM)
Batting: RHB Gary Miller 0-0: Ball
1-0: Ball
2-0: Ball
3-0: Called Strike
3-1: Foul Ball, location: 2F
3-2: Strikes out swinging
Top of the 7th over - 0 run(s), 1 hit(s), 0 error(s), 1 left on base; Cincinnati 2 - Barry's Bay 6
BOTTOM OF THE 7TH
Barry's Bay Orioles batting - Pitching for Cincinnati Pride : RHP José Bruschy
Batting: RHB Tomás Díaz 0-0: Called Strike
0-1: Ball
1-1: Ball
2-1: SINGLE (Groundball, 34D)
Batting: SHB Terry Christian 0-0: Called Strike
Tomás Díaz steals 2nd base
0-1: Ball
1-1: Called Strike
1-2: SINGLE (Groundball, 56) (infield hit)
Tomás Díaz to third
Batting: RHB Jason Ward 0-0: Called Strike
0-1: Called Strike
0-2: Ball
1-2: Ball
2-2: Strikes out swinging
Batting: RHB Jesús Castillo 0-0: Foul Ball, location: 2F
0-1: Swinging Strike
0-2: Strikes out swinging
Batting: RHB Santiago Rivera 0-0: Called Strike
0-1: Called Strike
0-2: Fielders Choice at 2nd, 6-4 (Groundball, 6)
Bottom of the 7th over - 0 run(s), 2 hit(s), 0 error(s), 1 left on base; Cincinnati 2 - Barry's Bay 6
TOP OF THE 8TH
Cincinnati Pride batting - Pitching for Barry's Bay Orioles : RHP Artie Hall
Batting: SHB Jorge Maldonado 0-0: Foul Ball, location: 2F
0-1: Ball
1-1: SINGLE (Groundball, 6MD)
Batting: SHB Jaime Martínez 0-0: Ball
1-0: Ground out 5-3 (Groundball, 56S)
Jorge Maldonado to second
Batting: RHB Jorge Silva 0-0: Ground out 1-3 (Groundball, P)
Jorge Maldonado to third
Batting: LHB Gabriel Aragón 0-0: Ball
1-0: Foul Ball, location: 2F
1-1: Ball
2-1: Ball
3-1: Called Strike
3-2: SINGLE (Groundball, 34D)
Jorge Maldonado scores
Pitching: LHP Bernardo Valero
Batting: RHB Roger Rush 0-0: Ball
1-0: Called Strike
1-1: Fly out, F8 (Flyball, 78M)
Top of the 8th over - 1 run(s), 2 hit(s), 0 error(s), 1 left on base; Cincinnati 3 - Barry's Bay 6
BOTTOM OF THE 8TH
Barry's Bay Orioles batting - Pitching for Cincinnati Pride : RHP José Bruschy
Batting: RHB Pablo Hernández 0-0: Ball
1-0: Ball
2-0: Ground out 6-3 (Groundball, 6)
Batting: RHB Guy Morrison 0-0: Ball
1-0: Ball
2-0: Ball
3-0: Called Strike
3-1: Base on Balls
Batting: LHB Manuel Pérez 0-0: Ball
1-0: Ball
2-0: Ball
3-0: Called Strike
3-1: Base on Balls
Guy Morrison to second
Batting: LHB Ryan Rheaume 0-0: Swinging Strike
0-1: Ball
1-1: Ground out U3 (Groundball, 34S)
Guy Morrison to third
Manuel Pérez to second
Batting: RHB Tomás Díaz 0-0: Ball
1-0: Ball
Wild Pitch!
Guy Morrison scores
Manuel Pérez to third
2-0: Called Strike
2-1: Fly out, F8 (Flyball, 8RM)
Bottom of the 8th over - 1 run(s), 0 hit(s), 0 error(s), 1 left on base; Cincinnati 3 - Barry's Bay 7
TOP OF THE 9TH
Cincinnati Pride batting - Pitching for Barry's Bay Orioles : LHP Bernardo Valero
Batting: RHB José Antonio Delgado 0-0: Ball
1-0: Foul Ball, location: 2F
1-1: Ball
2-1: SINGLE (Groundball, 56D)
Batting: RHB Dave Crawford 0-0: Ball
1-0: Ball
2-0: Grounds into double play, 5-4-3 (Groundball, 56)
Batting: RHB Burkhard Bittinger 0-0: Ground out 4-3 (Groundball, 4)
Top of the 9th over - 0 run(s), 1 hit(s), 0 error(s), 0 left on base; Cincinnati 3 - Barry's Bay 7
Thursday, March 30th, 2017 - OOTP Baseball 17.12 Build 75